[Event "Marshall CC FIDE Premier January 2024"]
[Site "New York"]
[Date "2024.01.08"]
[Round "5.3"]
[White "Oh, James Y"]
[Black "Nkululeko, Nkosi"]
[Result "1-0"]
[ECO "B01"]
[WhiteElo "2015"]
[BlackElo "1867"]
[Annotator "TA"]
[PlyCount "201"]
[EventDate "2024.01.05"]
[EventType "swiss"]
[EventCountry "USA"]
[SourceTitle "playchess.com"]
[Source "ChessBase"]
[SourceQuality "1"]
[TimeControl "5400+30"]

1. e4 d5 2. exd5 Qxd5 3. Nc3 Qd6 4. Nf3 Nf6 5. d4 c6 6. Bc4 {[%emt 0:01:37] B01: Scandinavian Defence.} e6 (6... Bg4 $11) 7. O-O Be7 {[%emt 0:00:11] [#]} 8. Qe2 $1 {[%emt 0:02:56] White is better.} b5 9. Bd3 Nbd7 10. Bg5 {[%emt 0:03:30] [#]} b4 $146 ({Predecessor:} 10... Bb7 11. Rad1 O-O 12. Ne4 Nxe4 13. Qxe4 f5 14. Bxe7 Qxe7 15. Qe3 Rae8 16. Rfe1 Nb6 {½-½ Ghajar Koshravi,A (1795)-Behnick,E (1758) Ruhrgebiet Verbandsliga Gruppe 1 1415 2014 (7.7)}) 11. Na4 Nd5 12. g3 h6 13. Bxe7 Qxe7 14. Rad1 ({White should try} 14. Ne5 $16) 14... O-O (14... N5b6 $1 $11 15. b3 Bb7) 15. Qe4 N7f6 {[%emt 0:01:22] Against Qh7+} (15... N5f6 $11 16. Qh4 (16. Qxc6 Rb8 $11) 16... Qd6) 16. Qe2 Nd7 17. Ne5 Nxe5 18. Qxe5 Qc7 19. Qe4 (19. Nc5 {seems wilder.} Rd8 20. Rfe1 Rb8 21. Qe4) 19... Nf6 {[%emt 0:00:02] Against Qh7+} 20. Qe2 Rd8 21. Nc5 Kf8 22. Bc4 a5 23. Rfe1 Rd6 24. Qf3 Kg8 25. Qf4 Qd8 26. Qe5 {[%emt 0:02:38] White is much more active.} Ng4 27. Qf4 Nf6 28. Rd3 (28. a3 $16) 28... Ra7 29. Rdd1 (29. a3 $14) 29... Re7 (29... Ra8 $1 $11) 30. c3 Nd5 (30... e5 $14 {is more appropriate.} 31. Rxe5 (31. dxe5 $2 Rxd1 32. Nd3 Rxd3 $19) 31... g5) 31. Qf3 $16 Ra7 32. Bf1 Qf6 33. Qd3 Qd8 34. Qc4 Qb6 35. Ne4 Rd8 36. Nc5 {[%emt 0:01:22] Inhibits Ba6.} (36. Qd3 $14) 36... Rc7 (36... Rd6 $11 {keeps the balance.}) 37. Rb1 Ra7 38. Qd3 Re7 39. f4 Rde8 40. Qf3 Kf8 41. h3 Kg8 42. Kh2 Qc7 43. Rbc1 f6 44. c4 Nb6 45. Qe4 (45. Bd3 {feels hotter.} Nd7 46. Bg6 Rd8 47. Nxe6 Rxe6 48. Rxe6 Ne5 49. Rxe5 fxe5 50. fxe5 Rxd4 51. Rc2) 45... Nd7 {[%emt 0:01:34] [#]} 46. Nxd7 (46. Bd3 $6 f5 47. Qf3 Nxc5 48. dxc5 e5 49. fxe5 Rxe5 $15) 46... Qxd7 47. Rcd1 Bb7 48. Bd3 f5 49. Qe5 Qd8 50. Bf1 Rd7 51. Bg2 Kf7 52. Qc5 (52. Qe3 $16) 52... Qa8 (52... Qe7 $1 $14) 53. Re5 Qd8 54. Bf3 (54. Bxc6 $6 Bxc6 55. Qxc6 Rxd4 56. Rxd4 Qxd4 $11) 54... Rd6 (54... Qe7 $16) 55. Qxa5 ({White should play} 55. Qa7 $18) 55... Rxd4 $14 56. Rxd4 (56. Bh5+ g6 57. Qxb4 (57. Rxd4 $2 Qxd4 58. Qxb4 Qf2+ 59. Kh1 Ba8 $19) 57... Ba8 $17) 56... Qxd4 57. Qxb4 Qf2+ 58. Bg2 {[%emt 0:00:04] Some like it hot} Re7 {[%emt 0:00:13][%cal Oc6c5] ( -> ...c5!)} 59. c5 $1 Ba6 {[%emt 0:01:32] Inhibits Qc4. And now ...Bf1 would win.} 60. Qb3 $1 g6 61. h4 h5 62. a4 $36 {[%emt 0:00:56][%mdl 2048] Black is under pressure.} Bf1 (62... Qd2 $1 $14) 63. Qf3 $16 Qxg2+ 64. Qxg2 Bxg2 65. Kxg2 {[%emt 0:00:05][%mdl 4096] Endgame a5 is the strong threat. KR-KR} Rb7 66. Re2 {[%emt 0:00:35] Hoping for a5.} Rb4 $2 {[%emt 0:00:50] This move loses the game for Black.} (66... e5 $16 {is a better defense.}) 67. a5 $18 Rb5 {[%emt 0:01:36] [#]} 68. b4 $1 Rxb4 {[%emt 0:00:11] ...Ra4 would be deadly.} 69. Ra2 {[%emt 0:00:02] Against Ra4} Rb7 $2 (69... Rb8 70. a6 Ra8) 70. a6 Ra7 71. Kf3 Kf6 72. Ke3 e5 73. fxe5+ Kxe5 74. Kd3 Kd5 75. Ra5 Ke5 76. Kc4 f4 (76... Ra8 $142 77. Ra1 Ke4) 77. gxf4+ Kxf4 78. Kb4 Kg4 79. Ra3 {[%emt 0:01:29] Intending Ka5 and mate.} Kxh4 80. Ka5 {[%emt 0:00:02] White mates.} g5 81. Kb6 Ra8 82. Kb7 Rf8 83. a7 g4 84. a8=Q ({Not} 84. a8=B g3 85. Ra2 Kh3 $11) 84... Rxa8 85. Rxa8 {[%emt 0:00:03] KR-K3P} g3 86. Rg8 Kh3 87. Kxc6 {[%emt 0:00:02] KR-KPP} h4 88. Kd5 Kg2 89. Ke4 Kf2 90. Kf4 g2 91. c6 h3 92. c7 h2 93. c8=Q (93. c8=B g1=Q) 93... g1=Q 94. Qc5+ Kf1 95. Qc1+ Kf2 96. Qd2+ Kf1 97. Qd1+ Kf2 98. Qf3+ Ke1 99. Re8+ Kd2 100. Re2+ Kc1 101. Qc3+ {[%emt 0:00:05] Weighted Error Value: White=0.20 (precise) /Black=0.22 (precise)} 1-0

[Event "Marshall CC FIDE Premier January 2024"]
[Site "New York"]
[Date "2024.01.08"]
[Round "5.4"]
[White "Hebbar, Eshaan"]
[Black "Bonin, Jay"]
[Result "1/2-1/2"]
[ECO "D37"]
[WhiteElo "2018"]
[BlackElo "2166"]
[Annotator "TA"]
[PlyCount "139"]
[EventDate "2024.01.05"]
[EventType "swiss"]
[EventCountry "USA"]
[SourceTitle "playchess.com"]
[Source "ChessBase"]
[SourceQuality "1"]
[TimeControl "5400+30"]

1. d4 Nf6 2. c4 e6 3. Nf3 a6 4. Nc3 d5 5. cxd5 exd5 6. Bg5 {[%emt 0:00:10] D37: Queen's Gambit Declined: 5 Bf4.} Be7 7. e3 c6 8. Bd3 $1 {[%emt 0:00:05] White is slightly better. The main line 8.Bd3 scores better than 8.Qc2.} Nbd7 9. O-O Nf8 10. Qc2 Ne6 11. Bh4 g6 12. Ne5 Ng7 {[%emt 0:00:18] [#]} 13. Rae1 $146 ({Predecessor:} 13. f3 O-O 14. Rad1 Nd7 15. Nxd7 Bxd7 16. Bf2 Rc8 17. e4 dxe4 18. fxe4 Bg4 19. Be2 Bxe2 20. Qxe2 {½-½ Mosesov,D (2405)-Omelja,A (2509) Kiev-Lvov Region Rapid 2021 (4)}) 13... Bf5 (13... O-O $11) 14. f3 {[%emt 0:00:17] White is much more active. The black rooks are badly placed.} (14. Qb3 $16 Rb8 15. Bg3) 14... Bxd3 $11 15. Nxd3 O-O 16. Bf2 Ne6 17. Kh1 Nh5 18. g4 Nhg7 19. Bg3 f5 20. Be5 (20. Qb3 $5 b5 21. Ne2 $14) 20... Bd6 21. Ne2 fxg4 22. fxg4 Ng5 23. Nef4 Qd7 24. Bxd6 (24. Qb3 $5 ) 24... Qxd6 25. Ne5 Ne4 26. Nfd3 Ne6 (26... Qe7 {simplifies} 27. Qe2 Ne6 28. Rxf8+ Rxf8 29. Rf1 N6g5) 27. Kg2 c5 28. dxc5 N6xc5 29. Rd1 Nxd3 30. Nxd3 Qe6 31. Qe2 Ng5 (31... Rxf1 {simplifies} 32. Rxf1 Rc8 33. Qd1 Nd6) 32. Nf4 Qe4+ 33. Kg3 $1 (33. Kg1 Rxf4 34. h3 Raf8 35. Rxf4 Nxh3+ 36. Kh2 Nxf4 $19) 33... Rae8 34. Rde1 (34. h4 $5 Qxe3+ 35. Qxe3 Rxe3+ 36. Kg2 $11) 34... Qe5 {[%emt 0:07:31] Strongly threatening ...Ne6.} 35. Qd3 ({Better is} 35. Kg2 $15) 35... Ne4+ $1 $17 (35... Qxb2 $2 36. Qxd5+ (36. Nxd5 $2 Ne4+ $19) 36... Nf7 37. Ne6 $18) 36. Kh3 (36. Kg2 $17) 36... d4 (36... Qxb2 37. Qxd5+ Kg7 38. Re2 $15 (38. Ne6+ $2 Rxe6 39. Qd4+ Qxd4 $19)) (36... Nf6 $1 $19 {and Black stays clearly on top.} 37. Qd4 Qg5) 37. Qb3+ ({White should try} 37. Kg2 dxe3 {[%mdl 64] Discovered Attack} 38. Qd5+ Qxd5 39. Nxd5) 37... Kh8 {[%emt 0:00:48] And now ...Nd2 would win.} 38. Qb4 {[%emt 0:01:43] [#] Prevents Nd2} (38. exd4 $17 Nf2+ {[%mdl 64] Discovered Attack} 39. Kg2 Qxf4 40. Rxe8 Rxe8 41. Rxf2 Qxg4+ 42. Qg3 Qxd4 43. Qf3) 38... Ng5+ $2 (38... Kg7 $1 $19 {aiming for ...dxe3.} 39. Qxb7+ (39. exd4 $2 Nf2+ {[%mdl 64] Deflection} 40. Rxf2 Qxe1 $19) 39... Kh6) 39. Kg2 $1 $11 {[%emt 0:00:50][%cal Of4g6,Bh3g2,Bg2g3,Bg3f3,Bf3e3][%mdl 32] Nxg6+! would be deadly.} Qe4+ 40. Kg3 dxe3 41. Qc5 $36 {[%emt 0:05:02][%mdl 2048] White has the initiative. Chess con chili.} Rxf4 $2 42. Qc3+ $18 (42. Rxf4 $2 {perishes.} Qxf4+ 43. Kxf4 Ne6+ 44. Kf3 Nxc5 $19) 42... Qd4 43. Rxf4 {[%emt 0:00:08][%mdl 64] Pin} Ne4+ 44. Kf3 Qxc3 45. bxc3 Nxc3 {[%emt 0:00:05][%cal Ob7b5][%mdl 4096] Endgame KRR-KRN} 46. Rf7 ({Worse is} 46. Rxe3 Rxe3+ 47. Kxe3 Nd5+ 48. Kf3 Nxf4 49. Kxf4 Kg7 $17) 46... b5 $2 (46... e2 47. Rxb7 Rd8) 47. Rxe3 Rxe3+ 48. Kxe3 Nxa2 {[%emt 0:00:04] KR-KN} 49. Kd4 {[%emt 0:00:27] Against Nc3} Kg8 50. Ra7 Nb4 51. Kc3 (51. Ke4 $142 Kh8 52. g5) 51... Nc6 52. Rxa6 Ne5 53. h3 {[%emt 0:01:33][%cal Bh2h3,Bh3g4][%mdl 32] Hoping for Kd4.} Kg7 (53... Nf3 {was necessary.} 54. Kb4 Kg7) 54. Rb6 g5 55. Rxb5 Nf7 (55... Kf6 $18 56. Kc2 h6) 56. Kd4 (56. Rb7 $142 Kf6 57. Kd4 Nh6 58. Rb6+ Kg7 59. Ke5 Ng8 60. Kf5 Ne7+ 61. Kxg5) 56... h5 57. Kd5 $2 (57. gxh5 Kh6 58. Rf5 Nh8 59. Rf8 Kg7 60. Rb8 Nf7 61. Rb6 g4 62. hxg4) 57... hxg4 58. hxg4 Nh6 59. Ke6 Kg6 60. Rb4 Nf7 61. Rd4 Nh6 62. Ke7 $2 (62. Ra4 $18) 62... Nxg4 $2 63. Rxg4 $11 {[%emt 0:00:21] KR-KP} Kf5 {[%emt 0:00:04] [#]} 64. Ra4 $2 (64. Rg1 $1 {mates} g4 65. Kf7 Kg5 66. Kg7 Kf4 67. Kg6 Kf3 68. Kg5 g3 69. Kh4) 64... g4 {[%emt 0:00:07][%cal Bg5g4,Bg4g3,Bg3g2][%mdl 32] The position is equal.} 65. Kd6 g3 66. Kd5 g2 $1 67. Ra1 Kf4 $1 68. Kd4 Kf3 69. Kd3 Kf2 70. Ra2+ {[%emt 0:00:08] Black defended with fortune.   Weighted Error Value: White=0.32/Black=0.51} 1/2-1/2

[Event "Marshall CC FIDE Premier January 2024"]
[Site "New York"]
[Date "2024.01.08"]
[Round "5.5"]
[White "Subervi, Jonathan Sigfredo"]
[Black "Yoo, Eugene"]
[Result "0-1"]
[ECO "E48"]
[WhiteElo "2019"]
[BlackElo "2168"]
[Annotator "RC"]
[PlyCount "54"]
[EventDate "2024.01.05"]
[EventType "swiss"]
[EventCountry "USA"]
[SourceTitle "playchess.com"]
[Source "ChessBase"]
[SourceQuality "1"]
[TimeControl "5400+30"]

1. d4 Nf6 2. c4 e6 3. Nc3 Bb4 4. e3 O-O 5. Bd3 d5 6. cxd5 exd5 7. a3 Bd6 8. Qc2 c6 9. Nge2 Re8 10. f3 c5 11. dxc5 Bxc5 12. Nb5 Bb6 13. Nbd4 Nc6 14. O-O Bd7 15. Bd2 Rc8 16. Nxc6 bxc6 17. Qc1 c5 18. Kh1 Qe7 19. Bc2 h5 20. Ng3 g6 21. e4 h4 22. Ne2 dxe4 23. Bg5 exf3 24. Rxf3 h3 25. Bxf6 hxg2+ 26. Kxg2 Qxe2+ 27. Rf2 Qg4+ 0-1